 Dungeon Crawl Stone Soup version 0.23.2-1-ga50397a6bc (webtiles) character file.

Game seed: 16454739165548094017

41 MisterOstroum the Vandal (level 3, -3/17 HPs)
             Began as a Spriggan Arcane Marksman on Apr 28, 2019.
             Killed from afar by an orc wizard (7 damage)
             ... with a magic dart
             ... on level 3 of the Dungeon.
             The game lasted 00:06:05 (1589 turns).

MisterOstroum the Vandal (Spriggan Arcane Marksman) Turns: 1589, Time: 00:06:06

Health: -3/17      AC:  3    Str:  6    XL:     3   Next: 32%
Magic:  7/7        EV: 18    Int: 14    God:
Gold:   84         SH:  0    Dex: 17    Spells: 6/7 levels left

rFire    . . .     SeeInvis +   a - +0 hunting sling
rCold    . . .     Gourm    .   (shield restricted)
rNeg     . . .     Faith    .   f - +0 robe
rPois    .         Spirit   .   (helmet restricted)
rElec    .         Reflect  .   l - +0 cloak
rCorr    .         Harm     .   (gloves unavailable)
MR       .....                  (boots unavailable)
Stlth    ++........             (no amulet)
HPRegen  0.05/turn              (no ring)
MPRegen  0.10/turn              (no ring)

@: very quick
A: very small, unfitting armour, see invisible, herbivore, speed 3, slow
metabolism 2
a: no special abilities


You were on level 3 of the Dungeon.
You were not hungry.

You visited 1 branch of the dungeon, and saw 3 of its levels.

You collected 84 gold pieces.

Inventory:

Hand Weapons
 a - a +0 hunting sling (weapon)
 b - a +0 dagger
Missiles
 i - 36 stones (quivered)
Armour
 f - a +0 robe (worn)
 l - a +0 cloak (worn)
Scrolls
 c - a scroll of amnesia {unknown}
 h - 4 scrolls of identify {unknown}
 j - a scroll of remove curse {unknown}
Potions
 g - a potion of experience {unknown}
 k - 2 potions of berserk rage {unknown}
 m - a potion of curing {unknown}
Comestibles
 e - 5 rations


   Skills:
 - Level 0.7 Fighting
 * Level 4.0 Slings
 - Level 3.0 Dodging
 + Level 2.5 Spellcasting
 - Level 3.6 Hexes


You had 6 spell levels left.
You knew the following spells:

 Your Spells              Type           Power        Failure   Level  Hunger
a - Corona                Hex            ##.....      4%          1    #......

Your spell library contained the following spells:

 Spells                   Type           Power        Failure   Level  Hunger
 Slow                     Hex            ##......     8%          2    ###....
 Inner Flame              Hex/Fire       #.......     32%         3    ###....
 Portal Projectile        Hex/Tloc       #.....       32%         3    ###....
 Cause Fear               Hex            ##........   45%         4    #####..
 Leda's Liquefaction      Hex/Erth       #.........   71%         4    #####..


Dungeon Overview and Level Annotations

Branches:
Dungeon (2/15)

Altars:


Innate Abilities, Weirdness & Mutations

You are very small and have problems with some larger weapons.
You are too small for most types of armour.
You have supernaturally acute eyesight. (SInv)
You are a herbivore.
You cover ground extremely quickly.
You need to consume almost no food.


Message History

Aim: an orc, wielding a +0 flail and wearing a +2 scale mail of cold resistance You shoot a sling bullet.
The sling bullet hits the orc but does no damage.
Firing (i - inventory. (/) - cycle)
d - 4 sling bullets (quivered)
Press: ? - help, Shift-Dir - straight line, f/p - orc
Aim: an orc, wielding a +0 flail and wearing a +2 scale mail of cold resistance You shoot a sling bullet.
The sling bullet hits the orc but does no damage.
The orc barely misses you.
Firing (i - inventory. (/) - cycle)
d - 3 sling bullets (quivered)
Press: ? - help, Shift-Dir - straight line, f/p - orc
Aim: an orc, wielding a +0 flail and wearing a +2 scale mail of cold resistance You shoot a sling bullet.
The sling bullet hits the orc but does no damage.
The orc wizard mumbles some strange words.
The orc wizard seems to speed up.
The orc misses you.
Firing (i - inventory. (/) - cycle)
d - 2 sling bullets (quivered)
Press: ? - help, Shift-Dir - straight line, f/p - orc
Aim: an orc, wielding a +0 flail and wearing a +2 scale mail of cold resistance You shoot a sling bullet.
The sling bullet barely misses the orc.
The orc wizard mumbles some strange words.
The orc wizard seems to speed up.
The orc hits you but does no damage.
Firing (i - inventory. (/) - cycle)
d - a sling bullet (quivered)
Press: ? - help, Shift-Dir - straight line, f/p - orc
Aim: an orc, wielding a +0 flail and wearing a +2 scale mail of cold resistance You shoot a sling bullet.
The sling bullet hits the orc.
You kill the orc!
The orc completely misses you. The orc misses you.
Firing (i - inventory)
i - 39 stones (quivered)
Press: ? - help, Shift-Dir - straight line, f - orc
Aim: an orc, wielding a +0 flail and wearing a +2 scale mail of cold resistance You shoot a stone.
The stone barely misses the orc.
The orc barely misses you. x2
The goblin barely misses you.
Firing (i - inventory)
i - 38 stones (quivered)
Press: ? - help, Shift-Dir - straight line, f/p - orc
Aim: an orc, wielding a +0 flail and wearing a +2 scale mail of cold resistance You shoot a stone.
The stone barely misses the orc.
The orc completely misses you. The orc hits you with a +0 flail.
The orc wizard looks braver for a moment.
The goblin closely misses you.
Firing (i - inventory)
i - 37 stones (quivered)
Press: ? - help, Shift-Dir - straight line, f/p - orc
Aim: an orc, wielding a +0 flail and wearing a +2 scale mail of cold resistance You shoot a stone.
The stone closely misses the orc.
The orc wizard mumbles some strange words.
The orc wizard blinks!
The orc barely misses you.
The orc wizard points at you and mumbles some strange words.
The magic dart hits you!
Ouch! That really hurt!
* * * LOW HITPOINT WARNING * * *
The goblin closely misses you. The orc closely misses you.
You are too injured to fight recklessly!
You are too injured to fight recklessly!
You are too injured to fight recklessly!
You are too injured to fight recklessly!
You are too injured to fight recklessly!
You are too injured to fight recklessly!
You are too injured to fight recklessly!
You are too injured to fight recklessly!
You are too injured to fight recklessly!
You are too injured to fight recklessly!
You are too injured to fight recklessly!
You are too injured to fight recklessly!
You are too injured to fight recklessly!
You are too injured to fight recklessly!
You are too injured to fight recklessly!
You are too injured to fight recklessly!
You are too injured to fight recklessly!
You are too injured to fight recklessly!
You are too injured to fight recklessly!
You are too injured to fight recklessly!
You are too injured to fight recklessly!
You are too injured to fight recklessly!
You are too injured to fight recklessly!
You are too injured to fight recklessly!
You are too injured to fight recklessly!
You are too injured to fight recklessly!
You are too injured to fight recklessly!
You are too injured to fight recklessly!
You are too injured to fight recklessly!
The orc misses you. The orc wizard barely misses you.
Really attack while wielding your +0 hunting sling? [Y]es or [N]o only, please.
Really attack while wielding your +0 hunting sling? [Y]es or [N]o only, please.
Really attack while wielding your +0 hunting sling?
Okay, then.
An adder comes into view.
The orc wizard hits you but does no damage.
The adder hisses angrily.
Found a lumpy red potion.
Found a whip.
You see here a lumpy red potion.
Found 8 gold pieces.
You are too injured to fight recklessly!
A kobold comes into view. It is wielding a +0 short sword.
The kobold shouts!
The orc wizard casts a spell at you. The magic dart hits you!
You die...

.# #.# #########
#.# #.@..o..# #.#
#.#####S#####.#(#
#) #..S..#S#.# #.
######S#.#.##. .K
)............'.
#.
#####.#.#o#o##.
#% ....#.#.#.#.#
..
..#.#.#.#.#(##.
............)o§


You could see an orc wizard, an adder and a kobold.

Vanquished Creatures
  2 adders (D:3)
  A leopard gecko (D:3)
  2 orcs (D:3)
  3 goblins
  2 hobgoblins
  4 kobolds
  A ball python (D:3)
  3 bats
  2 frilled lizards
  A rat (D:1)
21 creatures vanquished.

Notes
Turn   | Place    | Note
-------+----------+-------------------------------------------
     0 | D:1      | MisterOstroum the Spriggan Arcane Marksman began the quest
                  | for the Orb.
     0 | D:1      | Reached XP level 1. HP: 9/9 MP: 3/3
   513 | D:1      | Reached skill level 3 in Slings
   660 | D:1      | Reached XP level 2. HP: 14/14 MP: 5/5
  1001 | D:2      | You fall through a shaft!
  1103 | D:3      | Reached XP level 3. HP: 12/17 MP: 5/7
  1417 | D:3      | Reached skill level 4 in Slings
  1589 | D:3      | Killed from afar by an orc wizard

Skill      XL: |  1  2  3 |
---------------+----------+-----
Slings         | 3 4 |  4.0
Spellcasting   | 2 |  2.5
Fighting       | |  0.7
Dodging        | |  3.0
Hexes          | |  3.6

Action                   || total
-------------------------++-------
Melee: Dagger            ||    16
 Fire: Hunting sling     ||    79
 Cast: Corona            ||     1
Armor: Robe              ||     9
Dodge: Dodged            ||    48
